Capitals vs Lightning

Created - 4 janvier 2021 at 13:19

Goals
1 2 3 T
Capitals 0 3 1 4
Lightning 1 0 1 2
Shots
1 2 3 T
Capitals 10 11 16 37
Lightning 3 12 20 35

1st period

1. Lightning , Mikko Koivu 3 (Nick Foligno 7, Andrej Sekera 3) at 12:29

Penalties :
Oliver Ekman-Larsson (WAS) for Hooking (Minor) at 2:16, Ryan Nugent-Hopkins (TAM) for Holding (Minor) at 13:02

2nd period

2. Capitals , Jake Guentzel 10 (Damon Severson 5, Claude Giroux 16) at 15:18
3. Capitals , Elias Pettersson 8 (Jake Guentzel 8, Claude Giroux 17) at 19:28 (PP)
4. Capitals , Joel Eriksson Ek 1 (Claude Giroux 18) at 19:32

Penalties :
Chris Wagner (TAM) for Hooking (Minor) at 2:13, Radko Gudas (TAM) for High sticking (Minor) at 19:12

3rd period

5. Lightning , Chris Wagner 3 (Nicolas Deslauriers 4, Teddy Blueger 2) at 4:55
6. Capitals , Elias Pettersson 9 (Zach Bogosian 6, Brock Nelson 7) at 8:44

Penalties :
Henrik Lundqvist (WAS) for Delaying the game (Minor) at 11:06 - Damon Severson served the penalty

Goalie Stats

Henrik Lundqvist (WAS), 33 saves from 35 shots - (0,943), W, 6-6-1, 60:00 minutes
Braden Holtby (TAM), 33 saves from 37 shots - (0,892), L, 5-6-0, 60:00 minutes

Players Stats for Capitals

Player Name              G  A  P  +/- PIM S  H  SB GA TA FO     MP     PP MP  PK MP  
------------------------------------------------------------------------------------
Adam Lowry               0  0  0   0  0   1  1  0  0  0  0/0     8:25   0:00   0:00 
Ben Chiarot              0  0  0  -1  0   1  1  0  0  0  0/0    18:31   1:33   1:33 
Brady Skjei              0  0  0   1  0   2  1  0  0  0  0/0    19:20   1:33   2:25 
Brock Nelson             0  1  1   1  0   3  0  0  0  1  2/8    17:42   1:46   0:00 
Claude Giroux            0  3  3   2  0   2  2  0  1  0  12/23  18:08   2:20   0:49 
Damon Severson           0  1  1   1  0   4  1  2  0  0  0/0    24:50   2:41   0:00 
Darren Helm              0  0  0   1  0   3  0  0  0  0  2/3    17:37   1:46   0:00 
Derek Grant              0  0  0  -2  0   2  0  2  0  0  4/10   14:42   0:08   2:01 
Elias Pettersson         2  0  2   1  0   7  3  0  0  0  0/0    18:57   2:20   0:49 
Ian Cole                 0  0  0  -1  0   1  0  0  0  0  0/0    16:18   0:00   1:33 
Jake Guentzel            1  1  2   2  0   2  2  0  3  0  3/5    17:24   2:25   0:00 
Joakim Nordstrom         0  0  0  -2  0   0  1  1  0  0  0/0    12:42   0:03   1:08 
Joel Eriksson Ek         1  0  1   2  0   1  2  0  0  1  0/0    16:53   1:46   0:00 
Johan Larsson            0  0  0  -2  0   3  0  1  1  0  2/2    14:29   0:00   2:01 
Oliver Ekman-Larsson     0  0  0   1  2   1  3  2  0  2  0/0    25:20   2:41   0:00 
Riley Sheahan            0  0  0   0  0   1  0  0  1  0  0/4     9:42   0:08   1:08 
Tyler Pitlick            0  0  0   0  0   1  1  1  0  0  0/0     8:25   0:00   0:00 
Zach Bogosian            0  1  1   1  0   2  1  1  0  0  0/0    16:36   0:00   2:25 

Players Stats for Lightning

Player Name              G  A  P  +/- PIM S  H  SB GA TA FO     MP     PP MP  PK MP  
------------------------------------------------------------------------------------
Andrej Sekera            0  1  1  -1  0   1  0  2  0  0  0/0    20:25   1:52   1:45 
Andrew Cogliano          0  0  0   0  0   0  1  0  0  0  0/0    11:56   0:01   0:58 
Cedric Paquette          0  0  0   0  0   1  3  0  0  1  6/10   13:07   0:01   2:12 
Chris Wagner             1  0  1   1  2   2  1  0  0  0  0/0     8:11   0:00   0:36 
Colin Miller             0  0  0   0  0   1  0  1  1  0  0/0    14:53   0:00   0:16 
Jakob Silfverberg        0  0  0  -2  0   2  3  0  1  0  0/4    20:15   2:13   0:00 
Johnny Boychuk           0  0  0  -1  0   1  1  0  0  2  0/0    18:53   0:00   1:45 
Jon Marchessault         0  0  0   0  0   3  3  0  0  0  0/1    17:16   2:13   0:00 
Mikko Koivu              1  0  1   0  0   5  0  0  0  0  7/11   16:54   0:01   1:13 
Nick Foligno             0  1  1   0  0   4  3  0  0  0  1/1    17:04   1:44   0:00 
Nicolas Deslauriers      0  1  1   1  0   4  0  0  0  1  0/0     9:38   2:06   0:00 
Radko Gudas              0  0  0   0  2   1  1  1  1  0  0/0    24:33   1:52   2:13 
Riley Stillman           0  0  0   0  0   0  2  2  0  0  0/0    15:47   0:00   2:29 
Ryan Dzingel             0  0  0   0  0   2  1  0  0  0  0/0    11:29   0:00   0:59 
Ryan Nugent-Hopkins      0  0  0  -2  2   3  2  0  1  0  1/2    20:35   2:13   0:15 
T.J. Brodie              0  0  0   0  0   2  2  4  0  2  0/0    23:22   2:06   0:00 
Teddy Blueger            0  1  1   1  0   1  2  0  0  0  4/5    11:35   1:44   2:15 
Tyler Seguin             0  0  0  -2  0   2  1  0  0  0  11/21  19:50   1:44   0:00 

3 Stars

1 - Elias Pettersson (WAS)
2 - Claude Giroux (WAS)
3 - Jake Guentzel (WAS)

Power Play

Capitals - 1 on 3 Attempt(s) - 33,33%
Lightning - 0 on 2 Attempt(s) - 0,00%

Penalty Kill

Capitals - 2 on 2 Attempt(s) - 100,00% - Score 0 goal in Penalty Kill
Lightning - 2 on 3 Attempt(s) - 66,67% - Score 0 goal in Penalty Kill

Team Stat

Capitals - Hits : 19 - Faceoff Wins : 25 - Blocked Shots : 10 - Penalty Minutes : 4
Lightning - Hits : 26 - Faceoff Wins : 30 - Blocked Shots : 10 - Penalty Minutes : 6

Official

Referees : Brandon Blandina and Mike Sheehan
Linesman : Ken Bonham and Brendan Lewis

Game Notes

No Game Note

Finance

Level 1 -- Attendance: 6000 (100,00%) -- Ticket Income 510 000 $
Level 2 -- Attendance: 3537 (70,74%) -- Ticket Income 265 275 $
Level 3 -- Attendance: 1158 (57,90%) -- Ticket Income 63 690 $
Level 4 -- Attendance: 1887 (47,18%) -- Ticket Income 75 480 $
Luxury Box -- Attendance: 929 (92,90%) -- Ticket Income 139 350 $
Game was played at the Tampa Baseball Stadium.
Total Attendance: 13511 (75,06%)
Total Ticket Income: 1 053 795 $
Other Income: 516 360 $
Total Income: 1 570 155 $

Capitals

5 vs 5 Forward 
   Center                   Left Wing                Right Wing               Time % Phy DF OF 
 1 Claude Giroux            Jake Guentzel            Joel Eriksson Ek         35     0   2  3  
 2 Brock Nelson             Elias Pettersson         Darren Helm              30     0   2  3  
 3 Derek Grant              Johan Larsson            Joakim Nordstrom         25     0   5  0  
 4 Riley Sheahan            Adam Lowry               Tyler Pitlick            10     0   5  0  

5 vs 5 Defense 
   Defense                  Defense                                           Time % Phy DF OF 
 1 Damon Severson           Oliver Ekman-Larsson                              35     1   3  1  
 2 Ian Cole                 Ben Chiarot                                       30     1   3  1  
 3 Brady Skjei              Zach Bogosian                                     25     1   3  1  
 4 Damon Severson           Oliver Ekman-Larsson                              10     1   4  0  

PowerPlay Forward 
   Center                   Left Wing                Right Wing               Time % Phy DF OF 
 1 Claude Giroux            Jake Guentzel            Elias Pettersson         65     0   0  5  
 2 Brock Nelson             Joel Eriksson Ek         Darren Helm              35     0   0  5  

PowerPlay Defense
   Defense                  Defense                                           Time % Phy DF OF 
 1 Damon Severson           Oliver Ekman-Larsson                              60     0   1  4  
 2 Brady Skjei              Ben Chiarot                                       40     0   1  4  

Penalty Kill 4 Players Forward 
   Center                   Wing                     Time % Phy DF OF 
 1 Derek Grant              Johan Larsson            60     0   4  1  
 2 Riley Sheahan            Joakim Nordstrom         40     0   4  1  

Penalty Kill 4 Players Defense
   Defense                  Defense                  Time % Phy DF OF 
 1 Brady Skjei              Zach Bogosian            60     1   4  0  
 2 Ian Cole                 Ben Chiarot              40     1   4  0  

Penalty Kill - 3 Players Forward 
   Forward                                           Time % Phy DF OF 
 1 Derek Grant                                       60     0   4  1  
 2 Riley Sheahan                                     40     0   4  1  

Penalty Kill - 3 Players Defense
   Defense                  Defense                  Time % Phy DF OF 
 1 Brady Skjei              Zach Bogosian            60     1   4  0  
 2 Ian Cole                 Ben Chiarot              40     1   4  0  

4 vs 4 Forward 
   Center                   Wing                     Time % Phy DF OF 
 1 Claude Giroux            Brock Nelson             60     0   3  2  
 2 Elias Pettersson         Jake Guentzel            40     0   3  2  

4 vs 4 Defense
   Defense                  Defense                  Time % Phy DF OF 
 1 Damon Severson           Oliver Ekman-Larsson     60     0   3  2  
 2 Ian Cole                 Ben Chiarot              40     0   3  2  

Last Minutes Offensive
   Center                   Left Wing                Right Wing               Defense                  Defense                  
   Claude Giroux            Brock Nelson             Joel Eriksson Ek         Damon Severson           Oliver Ekman-Larsson     

Last Minutes Defensive
   Center                   Left Wing                Right Wing               Defense                  Defense                  
   Claude Giroux            Brock Nelson             Joel Eriksson Ek         Damon Severson           Oliver Ekman-Larsson     

Goaltenders
Starting : Henrik Lundqvist         
Backup : Samuel Montembeault      

Extra Forwards
Normal : Derek Grant, Riley Sheahan, Johan Larsson - PP : Derek Grant, Riley Sheahan - PK : Johan Larsson
Extra Defensemen
Normal : Brady Skjei, Zach Bogosian, Ian Cole - PP : Brady Skjei - PK : Zach Bogosian, Ian Cole
Penalty Shots
Claude Giroux, Brock Nelson, Elias Pettersson, Jake Guentzel, Joel Eriksson Ek
Custom OT Lines Forwards
Claude Giroux, Brock Nelson, Elias Pettersson, Jake Guentzel, Joel Eriksson Ek, Derek Grant, Darren Helm, Riley Sheahan, Johan Larsson, Adam Lowry
Custom OT Lines Defensemen
Damon Severson, Oliver Ekman-Larsson, Ian Cole, Ben Chiarot, Brady Skjei

Scratches
Stephen Johns (Healthy), Kevin Rooney (Healthy), Curtis McKenzie (Healthy)

Lightning

5 vs 5 Forward 
   Center                   Left Wing                Right Wing               Time % Phy DF OF 
 1 Tyler Seguin             Ryan Nugent-Hopkins      Jakob Silfverberg        40     0   1  4  
 2 Mikko Koivu              Jon Marchessault         Nick Foligno             30     0   2  3  
 3 Cedric Paquette          Andrew Cogliano          Ryan Dzingel             20     0   2  3  
 4 Teddy Blueger            Nicolas Deslauriers      Chris Wagner             10     0   3  2  

5 vs 5 Defense 
   Defense                  Defense                                           Time % Phy DF OF 
 1 T.J. Brodie              Radko Gudas                                       42     0   1  4  
 2 Johnny Boychuk           Andrej Sekera                                     33     0   2  3  
 3 Riley Stillman           Colin Miller                                      25     0   3  2  
 4 Johnny Boychuk           Colin Miller                                      0      0   3  2  

PowerPlay Forward 
   Center                   Left Wing                Right Wing               Time % Phy DF OF 
 1 Ryan Nugent-Hopkins      Jon Marchessault         Jakob Silfverberg        60     0   0  5  
 2 Tyler Seguin             Teddy Blueger            Nick Foligno             40     0   1  4  

PowerPlay Defense
   Defense                  Defense                                           Time % Phy DF OF 
 1 Nicolas Deslauriers      T.J. Brodie                                       60     0   1  4  
 2 Radko Gudas              Andrej Sekera                                     40     0   2  3  

Penalty Kill 4 Players Forward 
   Center                   Wing                     Time % Phy DF OF 
 1 Cedric Paquette          Teddy Blueger            60     0   3  2  
 2 Mikko Koivu              Chris Wagner             40     0   3  2  

Penalty Kill 4 Players Defense
   Defense                  Defense                  Time % Phy DF OF 
 1 Riley Stillman           Radko Gudas              60     0   3  2  
 2 Johnny Boychuk           Andrej Sekera            40     0   3  2  

Penalty Kill - 3 Players Forward 
   Forward                                           Time % Phy DF OF 
 1 Cedric Paquette                                   60     0   4  1  
 2 Teddy Blueger                                     40     0   4  1  

Penalty Kill - 3 Players Defense
   Defense                  Defense                  Time % Phy DF OF 
 1 Riley Stillman           Radko Gudas              60     0   5  0  
 2 Johnny Boychuk           Andrej Sekera            40     0   5  0  

4 vs 4 Forward 
   Center                   Wing                     Time % Phy DF OF 
 1 Ryan Nugent-Hopkins      Jon Marchessault         60     0   2  3  
 2 Tyler Seguin             Nick Foligno             40     1   2  2  

4 vs 4 Defense
   Defense                  Defense                  Time % Phy DF OF 
 1 T.J. Brodie              Nicolas Deslauriers      60     0   2  3  
 2 Radko Gudas              Andrej Sekera            40     0   2  3  

Last Minutes Offensive
   Center                   Left Wing                Right Wing               Defense                  Defense                  
   Ryan Nugent-Hopkins      Jon Marchessault         Jakob Silfverberg        Nicolas Deslauriers      T.J. Brodie              

Last Minutes Defensive
   Center                   Left Wing                Right Wing               Defense                  Defense                  
   Mikko Koivu              Cedric Paquette          Teddy Blueger            Riley Stillman           Radko Gudas              

Goaltenders
Starting : Braden Holtby            
Backup : Matt Murray              

Extra Forwards
Normal : Mikko Koivu, Cedric Paquette, Ryan Dzingel - PP : Mikko Koivu, Cedric Paquette - PK : Ryan Dzingel
Extra Defensemen
Normal : Riley Stillman, Colin Miller, Nicolas Deslauriers - PP : Riley Stillman - PK : Colin Miller, Nicolas Deslauriers
Penalty Shots
Jakob Silfverberg, Tyler Seguin, Mikko Koivu, Jon Marchessault, Teddy Blueger
Custom OT Lines Forwards
Ryan Nugent-Hopkins, Tyler Seguin, Jakob Silfverberg, Nick Foligno, Jon Marchessault, Mikko Koivu, Cedric Paquette, Andrew Cogliano, Ryan Dzingel, Teddy Blueger
Custom OT Lines Defensemen
T.J. Brodie, Radko Gudas, Johnny Boychuk, Andrej Sekera, Riley Stillman

Scratches
Brett Howden (Healthy), Michael Stone (Healthy), Andrew Hammond (Healthy)

% Time on Ice - Capitals

Lines # - Real PCT - Wanted PCT - Time Play
Normal Forward
1 - 31% - 35% - 15:55
2 - 31% - 30% - 15:57
3 - 22% - 25% - 11:31
4 - 16% - 10% - 8:25
Normal Defense
1 - 35% - 35% - 18:17
2 - 31% - 30% - 15:56
3 - 26% - 25% - 13:14
4 - 8% - 10% - 4:21
PP Forward
1 - 58% - 65% - 2:28
2 - 42% - 35% - 1:46
PP Defense
1 - 63% - 60% - 2:41
2 - 37% - 40% - 1:33
PK Forward
1 - 71% - 60% - 2:50
2 - 29% - 40% - 1:08
PK Defense
1 - 61% - 60% - 2:25
2 - 39% - 40% - 1:33
PK3 Forward
1 - 0% - 60%
2 - 0% - 40%
PK3 Defense
1 - 0% - 60%
2 - 0% - 40%
44 Forward
1 - 0% - 60%
2 - 0% - 40%
44 Defense
1 - 0% - 60%
2 - 0% - 40%
Last Minute Offensive  - 0:00
Last Minute Defensive  - 0:00
Total
Forward - 60:00
Defense - 60:00

% Time on Ice - Lightning

Lines # - Real PCT - Wanted PCT - Time Play
Normal Forward
1 - 36% - 40% - 18:27
2 - 30% - 30% - 15:46
3 - 19% - 20% - 10:03
4 - 15% - 10% - 7:32
Normal Defense
1 - 41% - 42% - 21:28
2 - 32% - 33% - 16:40
3 - 25% - 25% - 12:42
4 - 2% - 0% - 0:58
PP Forward
1 - 56% - 60% - 2:14
2 - 44% - 40% - 1:44
PP Defense
1 - 53% - 60% - 2:06
2 - 47% - 40% - 1:52
PK Forward
1 - 71% - 60% - 3:01
2 - 29% - 40% - 1:13
PK Defense
1 - 59% - 60% - 2:29
2 - 41% - 40% - 1:45
PK3 Forward
1 - 0% - 60%
2 - 0% - 40%
PK3 Defense
1 - 0% - 60%
2 - 0% - 40%
44 Forward
1 - 0% - 60%
2 - 0% - 40%
44 Defense
1 - 0% - 60%
2 - 0% - 40%
Last Minute Offensive  - 0:00
Last Minute Defensive  - 0:00
Total
Forward - 60:00
Defense - 60:00

Play-by-Play

1st period


0:01 of 1st period - Tyler Seguin wins face-off versus Claude Giroux in neutral zone.
0:04 of 1st period - Backhand shot by Tyler Seguin.
0:04 of 1st period - Shot Blocked by Oliver Ekman-Larsson.
0:11 of 1st period - Off-side.
0:12 of 1st period - Mikko Koivu wins face-off versus Brock Nelson in neutral zone.
0:42 of 1st period - Riley Sheahan is hit by Andrew Cogliano and loses puck.
1:05 of 1st period - Ian Cole is hit by Jakob Silfverberg and loses puck.
1:53 of 1st period - Off-side.
1:54 of 1st period - Derek Grant wins face-off versus Tyler Seguin in neutral zone.
2:16 of 1st period - Minor Penalty to Oliver Ekman-Larsson for Hooking.
2:17 of 1st period - Derek Grant wins face-off versus Jon Marchessault in Capitals zone.
2:24 of 1st period - Wrist shot by Derek Grant.
2:24 of 1st period - Shot Blocked by T.J. Brodie.
3:46 of 1st period - Jakob Silfverberg is hit by Elias Pettersson and loses puck.
3:55 of 1st period - Backhand shot by Elias Pettersson.
3:55 of 1st period - Deflect By Claude Giroux.
3:55 of 1st period - Stopped by Braden Holtby with a rebound.
4:16 of 1st period - Penalty to Oliver Ekman-Larsson is over, Oliver Ekman-Larsson is back on ice.
7:08 of 1st period - Damon Severson is hit by Jakob Silfverberg and loses puck.
7:27 of 1st period - Snap shot by Adam Lowry.
7:27 of 1st period - Stopped by Braden Holtby without a rebound.
7:28 of 1st period - Mikko Koivu wins face-off versus Claude Giroux in Lightning zone.
8:00 of 1st period - Darren Helm is hit by Ryan Dzingel and loses puck.
8:19 of 1st period - Brock Nelson is hit by Teddy Blueger and loses puck.
8:26 of 1st period - Snap shot by Chris Wagner.
8:26 of 1st period - Deflect By Teddy Blueger.
8:26 of 1st period - Shot Misses the Net.
8:26 of 1st period - Puck is out of play.
8:27 of 1st period - Jake Guentzel wins face-off versus Tyler Seguin in Capitals zone.
8:27 of 1st period - Jake Guentzel is hit by Tyler Seguin.
8:45 of 1st period - T.J. Brodie is hit by Jake Guentzel and loses puck.
8:58 of 1st period - Snap shot by Riley Sheahan.
8:58 of 1st period - Stopped by Braden Holtby with a rebound.
9:00 of 1st period - Snap shot by Riley Sheahan.
9:00 of 1st period - Shot Misses the Net.
9:02 of 1st period - Slapshot by Oliver Ekman-Larsson.
9:02 of 1st period - Stopped by Braden Holtby with a rebound.
9:04 of 1st period - Slapshot by Damon Severson.
9:04 of 1st period - Stopped by Braden Holtby without a rebound.
9:05 of 1st period - Mikko Koivu wins face-off versus Derek Grant in Lightning zone.
9:20 of 1st period - Snap shot by Mikko Koivu.
9:20 of 1st period - Shot Misses the Net.
9:30 of 1st period - Joel Eriksson Ek is hit by Johnny Boychuk.
9:56 of 1st period - Snap shot by Elias Pettersson.
9:56 of 1st period - Stopped by Braden Holtby with a rebound.
9:58 of 1st period - Wrist shot by Darren Helm.
9:58 of 1st period - Stopped by Braden Holtby with a rebound.
10:12 of 1st period - Andrej Sekera is hit by Oliver Ekman-Larsson and loses puck.
10:42 of 1st period - Brady Skjei is hit by Jon Marchessault and loses puck.
11:01 of 1st period - Snap shot by Jake Guentzel.
11:01 of 1st period - Stopped by Braden Holtby with a rebound.
12:21 of 1st period - Wrist shot by Nick Foligno.
12:21 of 1st period - Shot Blocked by Damon Severson.
12:23 of 1st period - Snap shot by Mikko Koivu.
12:23 of 1st period - Stopped by Henrik Lundqvist with a rebound.
12:25 of 1st period - Slapshot by Andrej Sekera.
12:25 of 1st period - Shot Misses the Net.
12:27 of 1st period - Wrist shot by Nick Foligno.
12:27 of 1st period - Shot Blocked by Johan Larsson.
12:29 of 1st period - Snap shot by Mikko Koivu.
12:29 of 1st period - Goal by Mikko Koivu - Capitals : 0 - Lightning : 1.
12:30 of 1st period - Tyler Seguin wins face-off versus Claude Giroux in neutral zone.
12:33 of 1st period - Snap shot by Ryan Nugent-Hopkins.
12:33 of 1st period - Shot Misses the Net.
12:38 of 1st period - Off-side.
12:39 of 1st period - Jake Guentzel wins face-off versus Tyler Seguin in neutral zone.
13:02 of 1st period - Minor Penalty to Ryan Nugent-Hopkins for Holding.
13:03 of 1st period - Claude Giroux wins face-off versus Cedric Paquette in Lightning zone.
13:29 of 1st period - Cedric Paquette is hit by Oliver Ekman-Larsson and loses puck.
14:38 of 1st period - Oliver Ekman-Larsson is hit by Riley Stillman and loses puck.
15:02 of 1st period - Penalty to Ryan Nugent-Hopkins is over, Ryan Nugent-Hopkins is back on ice.
15:37 of 1st period - Slapshot by Ben Chiarot.
15:37 of 1st period - Stopped by Braden Holtby without a rebound.
15:38 of 1st period - Ryan Nugent-Hopkins wins face-off versus Riley Sheahan in Lightning zone.
15:59 of 1st period - Tyler Seguin is hit by Adam Lowry and loses puck.
16:10 of 1st period - Snap shot by Tyler Pitlick.
16:10 of 1st period - Shot Misses the Net.
16:23 of 1st period - Riley Sheahan is hit by T.J. Brodie.
16:27 of 1st period - Adam Lowry is hit by Radko Gudas and loses puck.
16:36 of 1st period - Slapshot by Tyler Seguin.
16:36 of 1st period - Shot Blocked by Tyler Pitlick.
17:06 of 1st period - Slapshot by Ryan Nugent-Hopkins.
17:06 of 1st period - Shot Misses the Net.
17:08 of 1st period - Slapshot by Andrej Sekera.
17:08 of 1st period - Stopped by Henrik Lundqvist without a rebound.
17:09 of 1st period - Mikko Koivu wins face-off versus Claude Giroux in Capitals zone.
18:01 of 1st period - Off-side.
18:02 of 1st period - Teddy Blueger wins face-off versus Derek Grant in neutral zone.
18:05 of 1st period - Ben Chiarot is hit by Chris Wagner and loses puck.
18:28 of 1st period - Ian Cole is hit by Cedric Paquette and loses puck.
19:09 of 1st period - Snap shot by Johan Larsson.
19:09 of 1st period - Deflect By Elias Pettersson.
19:09 of 1st period - Shot Misses the Net.
19:09 of 1st period - Puck is out of play.
19:10 of 1st period - Darren Helm wins face-off versus Teddy Blueger in Lightning zone.
19:13 of 1st period - Snap shot by Brock Nelson.
19:13 of 1st period - Stopped by Braden Holtby with a rebound.
19:15 of 1st period - Slapshot by Brock Nelson.
19:15 of 1st period - Shot Misses the Net.
19:23 of 1st period - Slapshot by Elias Pettersson.
19:23 of 1st period - Shot Misses the Net.
19:25 of 1st period - Wrist shot by Darren Helm.
19:25 of 1st period - Shot Misses the Net.
19:41 of 1st period - Snap shot by Jakob Silfverberg.
19:41 of 1st period - Shot Misses the Net.
19:47 of 1st period - Jakob Silfverberg is hit by Joel Eriksson Ek and loses puck.
Goals for this period are 0 for Capitals vs 1 for Lightning.
Shots for this period are 10 for Capitals vs 3 for Lightning.

2nd period


0:01 of 2nd period - Tyler Seguin wins face-off versus Claude Giroux in neutral zone.
0:26 of 2nd period - Brock Nelson is hit by Nick Foligno and loses puck.
0:47 of 2nd period - Slapshot by Derek Grant.
0:47 of 2nd period - Stopped by Braden Holtby without a rebound.
0:48 of 2nd period - Cedric Paquette wins face-off versus Derek Grant in Lightning zone.
0:59 of 2nd period - Snap shot by Ryan Dzingel.
0:59 of 2nd period - Stopped by Henrik Lundqvist with a rebound.
1:15 of 2nd period - Ryan Nugent-Hopkins is hit by Claude Giroux and loses puck.
1:43 of 2nd period - Slapshot by Mikko Koivu.
1:43 of 2nd period - Stopped by Henrik Lundqvist with a rebound.
1:45 of 2nd period - Wrist shot by Nick Foligno.
1:45 of 2nd period - Shot Hit the Post.
1:47 of 2nd period - Slapshot by T.J. Brodie.
1:47 of 2nd period - Shot Blocked by Zach Bogosian.
2:01 of 2nd period - Slapshot by Tyler Pitlick.
2:01 of 2nd period - Stopped by Braden Holtby with a rebound.
2:03 of 2nd period - Snap shot by Tyler Pitlick.
2:03 of 2nd period - Shot Misses the Net.
2:13 of 2nd period - Minor Penalty to Chris Wagner for Hooking.
2:14 of 2nd period - Cedric Paquette wins face-off versus Claude Giroux in Lightning zone.
2:29 of 2nd period - Wrist shot by Claude Giroux.
2:29 of 2nd period - Shot Misses the Net.
2:31 of 2nd period - Slapshot by Oliver Ekman-Larsson.
2:31 of 2nd period - Shot Misses the Net.
4:04 of 2nd period - Brock Nelson is hit by Riley Stillman.
4:13 of 2nd period - Penalty to Chris Wagner is over, Chris Wagner is back on ice.
4:32 of 2nd period - Jon Marchessault is hit by Brady Skjei and loses puck.
4:57 of 2nd period - Snap shot by Johan Larsson.
4:57 of 2nd period - Shot Hit the Post.
6:09 of 2nd period - Snap shot by Ryan Nugent-Hopkins.
6:09 of 2nd period - Shot Misses the Net.
6:26 of 2nd period - Brock Nelson is hit by Nick Foligno and loses puck.
6:48 of 2nd period - Radko Gudas is hit by Ben Chiarot and loses puck.
7:12 of 2nd period - Claude Giroux is hit by Nick Foligno and loses puck.
7:33 of 2nd period - Wrist shot by Tyler Seguin.
7:33 of 2nd period - Stopped by Henrik Lundqvist with a rebound.
7:45 of 2nd period - Slapshot by Oliver Ekman-Larsson.
7:45 of 2nd period - Shot Blocked by T.J. Brodie.
7:55 of 2nd period - Cedric Paquette is hit by Elias Pettersson and loses puck.
8:11 of 2nd period - Nicolas Deslauriers is hit by Jake Guentzel and loses puck.
8:22 of 2nd period - Snap shot by Elias Pettersson.
8:22 of 2nd period - Shot Blocked by Radko Gudas.
9:12 of 2nd period - Darren Helm is hit by Cedric Paquette and loses puck.
9:29 of 2nd period - Jakob Silfverberg is hit by Joel Eriksson Ek and loses puck.
10:38 of 2nd period - Icing by Brock Nelson.
10:39 of 2nd period - Tyler Seguin wins face-off versus Brock Nelson in Capitals zone.
10:42 of 2nd period - Snap shot by Tyler Seguin.
10:42 of 2nd period - Shot Misses the Net.
10:50 of 2nd period - Tyler Seguin is hit by Elias Pettersson and loses puck.
11:33 of 2nd period - Wrist shot by Elias Pettersson.
11:33 of 2nd period - Deflect By Brock Nelson.
11:33 of 2nd period - Stopped by Braden Holtby with a rebound.
11:35 of 2nd period - Slapshot by Zach Bogosian.
11:35 of 2nd period - Shot Blocked by Andrej Sekera.
11:37 of 2nd period - Slapshot by Damon Severson.
11:37 of 2nd period - Stopped by Braden Holtby without a rebound.
11:38 of 2nd period - Nick Foligno wins face-off versus Claude Giroux in Lightning zone.
11:50 of 2nd period - Snap shot by Nick Foligno.
11:50 of 2nd period - Stopped by Henrik Lundqvist without a rebound.
11:51 of 2nd period - Claude Giroux wins face-off versus Mikko Koivu in Capitals zone.
13:25 of 2nd period - Slapshot by Jon Marchessault.
13:25 of 2nd period - Shot Misses the Net.
13:34 of 2nd period - Icing by Jon Marchessault.
13:35 of 2nd period - Brock Nelson wins face-off versus Cedric Paquette in Lightning zone.
13:36 of 2nd period - Snap shot by Elias Pettersson.
13:36 of 2nd period - Stopped by Braden Holtby with a rebound.
14:04 of 2nd period - Snap shot by Jon Marchessault.
14:04 of 2nd period - Stopped by Henrik Lundqvist with a rebound.
14:06 of 2nd period - Snap shot by Mikko Koivu.
14:06 of 2nd period - Shot Misses the Net.
14:08 of 2nd period - Wrist shot by Mikko Koivu.
14:08 of 2nd period - Stopped by Henrik Lundqvist without a rebound.
14:09 of 2nd period - Claude Giroux wins face-off versus Tyler Seguin in Capitals zone.
14:18 of 2nd period - Slapshot by Claude Giroux.
14:18 of 2nd period - Shot Blocked by T.J. Brodie.
14:26 of 2nd period - Slapshot by Jake Guentzel.
14:26 of 2nd period - Shot Misses the Net.
14:38 of 2nd period - Slapshot by Mikko Koivu.
14:38 of 2nd period - Stopped by Henrik Lundqvist with a rebound.
14:40 of 2nd period - Snap shot by Radko Gudas.
14:40 of 2nd period - Deflect By Ian Cole.
14:40 of 2nd period - Stopped by Henrik Lundqvist without a rebound.
14:41 of 2nd period - Mikko Koivu wins face-off versus Brock Nelson in Capitals zone.
14:44 of 2nd period - Slapshot by Nick Foligno.
14:44 of 2nd period - Deflect By Elias Pettersson.
14:44 of 2nd period - Stopped by Henrik Lundqvist with a rebound.
14:46 of 2nd period - Wrist shot by Nick Foligno.
14:46 of 2nd period - Stopped by Henrik Lundqvist without a rebound.
14:47 of 2nd period - Tyler Seguin wins face-off versus Brock Nelson in Capitals zone.
15:00 of 2nd period - Slapshot by Brock Nelson.
15:00 of 2nd period - Shot Misses the Net.
15:14 of 2nd period - Snap shot by Claude Giroux.
15:14 of 2nd period - Shot Misses the Net.
15:16 of 2nd period - Slapshot by Damon Severson.
15:16 of 2nd period - Deflect By Mikko Koivu.
15:16 of 2nd period - Stopped by Braden Holtby with a rebound.
15:18 of 2nd period - Snap shot by Jake Guentzel.
15:18 of 2nd period - Goal by Jake Guentzel - Capitals : 1 - Lightning : 1.
15:19 of 2nd period - Tyler Seguin wins face-off versus Jake Guentzel in neutral zone.
15:31 of 2nd period - Slapshot by Damon Severson.
15:31 of 2nd period - Stopped by Braden Holtby with a rebound.
15:33 of 2nd period - Slapshot by Damon Severson.
15:33 of 2nd period - Shot Misses the Net.
16:05 of 2nd period - Andrew Cogliano is hit by Joakim Nordstrom and loses puck.
16:14 of 2nd period - Slapshot by Andrej Sekera.
16:14 of 2nd period - Shot Blocked by Damon Severson.
16:26 of 2nd period - Icing by Oliver Ekman-Larsson.
16:27 of 2nd period - Teddy Blueger wins face-off versus Riley Sheahan in Capitals zone.
16:36 of 2nd period - Slapshot by Brady Skjei.
16:36 of 2nd period - Shot Misses the Net.
16:38 of 2nd period - Slapshot by Zach Bogosian.
16:38 of 2nd period - Deflect By Riley Sheahan.
16:38 of 2nd period - Shot Misses the Net.
16:38 of 2nd period - Puck is out of play.
16:39 of 2nd period - Tyler Seguin wins face-off versus Jake Guentzel in Lightning zone.
16:48 of 2nd period - Snap shot by Ryan Nugent-Hopkins.
16:48 of 2nd period - Shot Misses the Net.
17:56 of 2nd period - Wrist shot by Tyler Seguin.
17:56 of 2nd period - Stopped by Henrik Lundqvist without a rebound.
17:57 of 2nd period - Tyler Seguin wins face-off versus Derek Grant in Capitals zone.
17:58 of 2nd period - Wrist shot by Ryan Nugent-Hopkins.
17:58 of 2nd period - Stopped by Henrik Lundqvist without a rebound.
17:59 of 2nd period - Claude Giroux wins face-off versus Tyler Seguin in Capitals zone.
18:58 of 2nd period - Snap shot by Elias Pettersson.
18:58 of 2nd period - Shot Blocked by Colin Miller.
19:00 of 2nd period - Slapshot by Ian Cole.
19:00 of 2nd period - Stopped by Braden Holtby without a rebound.
19:01 of 2nd period - Jake Guentzel wins face-off versus Jakob Silfverberg in Lightning zone.
19:10 of 2nd period - Snap shot by Claude Giroux.
19:10 of 2nd period - Shot Misses the Net.
19:12 of 2nd period - Minor Penalty to Radko Gudas for High sticking.
19:13 of 2nd period - Claude Giroux wins face-off versus Cedric Paquette in Lightning zone.
19:28 of 2nd period - Backhand shot by Elias Pettersson.
19:28 of 2nd period - Goal by Elias Pettersson - Capitals : 2 - Lightning : 1.
19:29 of 2nd period - Claude Giroux wins face-off versus Tyler Seguin in neutral zone.
19:32 of 2nd period - Wrist shot by Joel Eriksson Ek.
19:32 of 2nd period - Goal by Joel Eriksson Ek - Capitals : 3 - Lightning : 1.
19:33 of 2nd period - Claude Giroux wins face-off versus Jakob Silfverberg in neutral zone.
19:54 of 2nd period - Oliver Ekman-Larsson is hit by Ryan Nugent-Hopkins and loses puck.
Goals for this period are 3 for Capitals vs 0 for Lightning.
Shots for this period are 11 for Capitals vs 12 for Lightning.

3rd period


0:01 of 3rd period - Claude Giroux wins face-off versus Tyler Seguin in neutral zone.
0:26 of 3rd period - Radko Gudas is hit by Oliver Ekman-Larsson and loses puck.
0:50 of 3rd period - Wrist shot by Johan Larsson.
0:50 of 3rd period - Shot Misses the Net.
0:56 of 3rd period - Wrist shot by Derek Grant.
0:56 of 3rd period - Shot Blocked by Riley Stillman.
1:11 of 3rd period - Icing by Riley Stillman.
1:12 of 3rd period - Teddy Blueger wins face-off versus Claude Giroux in Lightning zone.
1:25 of 3rd period - Snap shot by Claude Giroux.
1:25 of 3rd period - Shot Misses the Net.
1:29 of 3rd period - Snap shot by Claude Giroux.
1:29 of 3rd period - Shot Blocked by Riley Stillman.
1:31 of 3rd period - Wrist shot by Claude Giroux.
1:31 of 3rd period - Stopped by Braden Holtby with a rebound.
1:33 of 3rd period - Backhand shot by Brady Skjei.
1:33 of 3rd period - Stopped by Braden Holtby without a rebound.
1:34 of 3rd period - Brock Nelson wins face-off versus Jakob Silfverberg in Lightning zone.
1:43 of 3rd period - Snap shot by T.J. Brodie.
1:43 of 3rd period - Stopped by Henrik Lundqvist with a rebound.
1:49 of 3rd period - Wrist shot by Brock Nelson.
1:49 of 3rd period - Stopped by Braden Holtby with a rebound.
2:05 of 3rd period - Snap shot by Ryan Nugent-Hopkins.
2:05 of 3rd period - Shot Blocked by Derek Grant.
2:07 of 3rd period - Slapshot by T.J. Brodie.
2:07 of 3rd period - Shot Misses the Net.
2:09 of 3rd period - Snap shot by Jakob Silfverberg.
2:09 of 3rd period - Shot Blocked by Joakim Nordstrom.
2:11 of 3rd period - Slapshot by Ryan Nugent-Hopkins.
2:11 of 3rd period - Shot Misses the Net.
2:13 of 3rd period - Wrist shot by T.J. Brodie.
2:13 of 3rd period - Deflect By Jakob Silfverberg.
2:13 of 3rd period - Shot Misses the Net.
2:13 of 3rd period - Puck is out of play.
2:14 of 3rd period - Claude Giroux wins face-off versus Mikko Koivu in Capitals zone.
2:28 of 3rd period - Icing by Nick Foligno.
2:29 of 3rd period - Mikko Koivu wins face-off versus Darren Helm in Lightning zone.
2:50 of 3rd period - Elias Pettersson is hit by Jon Marchessault and loses puck.
3:12 of 3rd period - Mikko Koivu is hit by Damon Severson and loses puck.
3:25 of 3rd period - Snap shot by Elias Pettersson.
3:25 of 3rd period - Stopped by Braden Holtby with a rebound.
3:27 of 3rd period - Wrist shot by Darren Helm.
3:27 of 3rd period - Stopped by Braden Holtby with a rebound.
3:48 of 3rd period - Snap shot by Darren Helm.
3:48 of 3rd period - Stopped by Braden Holtby with a rebound.
3:50 of 3rd period - Slapshot by Elias Pettersson.
3:50 of 3rd period - Stopped by Braden Holtby without a rebound.
3:51 of 3rd period - Claude Giroux wins face-off versus Tyler Seguin in Lightning zone.
4:25 of 3rd period - Wrist shot by Brady Skjei.
4:25 of 3rd period - Stopped by Braden Holtby without a rebound.
4:26 of 3rd period - Derek Grant wins face-off versus Tyler Seguin in Lightning zone.
4:29 of 3rd period - Snap shot by Joakim Nordstrom.
4:29 of 3rd period - Shot Misses the Net.
4:51 of 3rd period - Snap shot by Teddy Blueger.
4:51 of 3rd period - Shot Blocked by Derek Grant.
4:53 of 3rd period - Snap shot by Teddy Blueger.
4:53 of 3rd period - Deflect By Nicolas Deslauriers.
4:53 of 3rd period - Stopped by Henrik Lundqvist with a rebound.
4:55 of 3rd period - Slapshot by Chris Wagner.
4:55 of 3rd period - Goal by Chris Wagner - Capitals : 3 - Lightning : 2.
4:56 of 3rd period - Tyler Seguin wins face-off versus Claude Giroux in neutral zone.
5:01 of 3rd period - Snap shot by Ryan Nugent-Hopkins.
5:01 of 3rd period - Shot Misses the Net.
5:32 of 3rd period - Wrist shot by Jon Marchessault.
5:32 of 3rd period - Stopped by Henrik Lundqvist with a rebound.
6:02 of 3rd period - Snap shot by Chris Wagner.
6:02 of 3rd period - Stopped by Henrik Lundqvist without a rebound.
6:03 of 3rd period - Teddy Blueger wins face-off versus Riley Sheahan in Capitals zone.
6:06 of 3rd period - Wrist shot by Nicolas Deslauriers.
6:06 of 3rd period - Stopped by Henrik Lundqvist with a rebound.
6:08 of 3rd period - Slapshot by Teddy Blueger.
6:08 of 3rd period - Shot Misses the Net.
6:38 of 3rd period - Snap shot by Tyler Seguin.
6:38 of 3rd period - Shot Misses the Net.
6:49 of 3rd period - Off-side.
6:50 of 3rd period - Darren Helm wins face-off versus Mikko Koivu in neutral zone.
7:01 of 3rd period - Slapshot by Brock Nelson.
7:01 of 3rd period - Shot Blocked by T.J. Brodie.
7:03 of 3rd period - Wrist shot by Darren Helm.
7:03 of 3rd period - Deflect By Elias Pettersson.
7:03 of 3rd period - Stopped by Braden Holtby without a rebound.
7:04 of 3rd period - Tyler Seguin wins face-off versus Claude Giroux in Lightning zone.
7:04 of 3rd period - Tyler Seguin is hit by Claude Giroux.
7:14 of 3rd period - Wrist shot by Ryan Nugent-Hopkins.
7:14 of 3rd period - Stopped by Henrik Lundqvist with a rebound.
7:16 of 3rd period - Backhand shot by Radko Gudas.
7:16 of 3rd period - Shot Blocked by Oliver Ekman-Larsson.
7:18 of 3rd period - Slapshot by Jakob Silfverberg.
7:18 of 3rd period - Shot Misses the Net.
7:20 of 3rd period - Snap shot by Jakob Silfverberg.
7:20 of 3rd period - Stopped by Henrik Lundqvist with a rebound.
7:34 of 3rd period - Snap shot by Johan Larsson.
7:34 of 3rd period - Stopped by Braden Holtby with a rebound.
7:56 of 3rd period - Elias Pettersson is hit by Cedric Paquette and loses puck.
8:09 of 3rd period - Damon Severson is hit by Jakob Silfverberg and loses puck.
8:40 of 3rd period - Slapshot by Brock Nelson.
8:40 of 3rd period - Shot Misses the Net.
8:42 of 3rd period - Wrist shot by Zach Bogosian.
8:42 of 3rd period - Shot Blocked by Andrej Sekera.
8:44 of 3rd period - Snap shot by Elias Pettersson.
8:44 of 3rd period - Goal by Elias Pettersson - Capitals : 4 - Lightning : 2.
8:45 of 3rd period - Claude Giroux wins face-off versus Mikko Koivu in neutral zone.
9:01 of 3rd period - Wrist shot by Nick Foligno.
9:01 of 3rd period - Deflect By Jon Marchessault.
9:01 of 3rd period - Stopped by Henrik Lundqvist without a rebound.
9:02 of 3rd period - Tyler Seguin wins face-off versus Derek Grant in Capitals zone.
9:03 of 3rd period - Slapshot by Ryan Nugent-Hopkins.
9:03 of 3rd period - Stopped by Henrik Lundqvist without a rebound.
9:04 of 3rd period - Johan Larsson wins face-off versus Jakob Silfverberg in Capitals zone.
9:32 of 3rd period - Wrist shot by Brock Nelson.
9:32 of 3rd period - Shot Misses the Net.
9:34 of 3rd period - Snap shot by Brock Nelson.
9:34 of 3rd period - Deflect By Tyler Seguin.
9:34 of 3rd period - Shot Misses the Net.
9:34 of 3rd period - Puck is out of play.
9:35 of 3rd period - Mikko Koivu wins face-off versus Brock Nelson in Lightning zone.
10:00 of 3rd period - Icing by Elias Pettersson.
10:01 of 3rd period - Cedric Paquette wins face-off versus Brock Nelson in Capitals zone.
10:08 of 3rd period - Snap shot by Ryan Nugent-Hopkins.
10:08 of 3rd period - Deflect By Jakob Silfverberg.
10:08 of 3rd period - Stopped by Henrik Lundqvist without a rebound.
10:09 of 3rd period - Claude Giroux wins face-off versus Tyler Seguin in Capitals zone.
10:44 of 3rd period - Slapshot by Ian Cole.
10:44 of 3rd period - Shot Misses the Net.
10:46 of 3rd period - Snap shot by Derek Grant.
10:46 of 3rd period - Stopped by Braden Holtby with a rebound.
11:06 of 3rd period - Wrist shot by T.J. Brodie.
11:06 of 3rd period - Stopped by Henrik Lundqvist without a rebound.
11:06 of 3rd period - Minor Penalty to Henrik Lundqvist for Delaying the game.
11:07 of 3rd period - Johan Larsson wins face-off versus Ryan Nugent-Hopkins in Capitals zone.
11:38 of 3rd period - Johan Larsson is hit by Teddy Blueger and loses puck.
11:53 of 3rd period - Ben Chiarot is hit by Ryan Nugent-Hopkins and loses puck.
12:16 of 3rd period - T.J. Brodie is hit by Zach Bogosian and loses puck.
12:49 of 3rd period - Brady Skjei is hit by Jon Marchessault and loses puck.
13:06 of 3rd period - Penalty to Damon Severson is over, Damon Severson is back on ice.
15:31 of 3rd period - Johnny Boychuk is hit by Tyler Pitlick and loses puck.
16:24 of 3rd period - Slapshot by Colin Miller.
16:24 of 3rd period - Stopped by Henrik Lundqvist with a rebound.
16:26 of 3rd period - Snap shot by Teddy Blueger.
16:26 of 3rd period - Stopped by Henrik Lundqvist with a rebound.
16:28 of 3rd period - Snap shot by Nicolas Deslauriers.
16:28 of 3rd period - Stopped by Henrik Lundqvist with a rebound.
16:30 of 3rd period - Wrist shot by Nicolas Deslauriers.
16:30 of 3rd period - Stopped by Henrik Lundqvist with a rebound.
17:06 of 3rd period - Snap shot by Cedric Paquette.
17:06 of 3rd period - Stopped by Henrik Lundqvist without a rebound.
17:07 of 3rd period - Cedric Paquette wins face-off versus Riley Sheahan in Capitals zone.
18:05 of 3rd period - Snap shot by Nick Foligno.
18:05 of 3rd period - Stopped by Henrik Lundqvist with a rebound.
18:07 of 3rd period - Slapshot by Johnny Boychuk.
18:07 of 3rd period - Stopped by Henrik Lundqvist without a rebound.
18:08 of 3rd period - Cedric Paquette wins face-off versus Claude Giroux in Capitals zone.
18:11 of 3rd period - Snap shot by Ryan Dzingel.
18:11 of 3rd period - Stopped by Henrik Lundqvist with a rebound.
18:42 of 3rd period - Snap shot by Jon Marchessault.
18:42 of 3rd period - Deflect By Nick Foligno.
18:42 of 3rd period - Shot Misses the Net.
18:42 of 3rd period - Puck is out of play.
18:43 of 3rd period - Cedric Paquette wins face-off versus Derek Grant in Capitals zone.
18:50 of 3rd period - Snap shot by Zach Bogosian.
18:50 of 3rd period - Stopped by Braden Holtby with a rebound.
18:52 of 3rd period - Wrist shot by Johan Larsson.
18:52 of 3rd period - Stopped by Braden Holtby with a rebound.
18:54 of 3rd period - Wrist shot by Zach Bogosian.
18:54 of 3rd period - Stopped by Braden Holtby without a rebound.
18:55 of 3rd period - Derek Grant wins face-off versus Cedric Paquette in Lightning zone.
18:58 of 3rd period - Snap shot by Johan Larsson.
18:58 of 3rd period - Stopped by Braden Holtby with a rebound.
19:22 of 3rd period - Elias Pettersson is hit by T.J. Brodie and loses puck.
19:55 of 3rd period - Snap shot by Nick Foligno.
19:55 of 3rd period - Shot Misses the Net.
Goals for this period are 1 for Capitals vs 1 for Lightning.
Shots for this period are 16 for Capitals vs 20 for Lightning.